cohdb
Replays
Latest Replays
All Replays
Popular Replays
Top Player Replays
Match Explorer
How It Works
Community
CoH3 Stats
Reddit
Sign in to upload your games and track your stats! →
Sign in with Steam
Match 25496160
Unlisted
Match 25496160
Overview
Messages
Build Orders
End
Construct Barracks
Riflemen Squad
Riflemen Squad
Engineer Squad
M1 Mortar Team
Infantry Support Center
Riflemen Squad
M1918 Browning Automatic Rifles
Munitions Surplus
Construct Medical Station
Mortar Pit
Selects Airborne Battlegroup
Selects Pathfinders
Selects Paratrooper Squad Paradrop
Selects Anti-tank Gun Team Paradrop
Anti-tank Gun Team Paradrop
Anti-tank Gun Team Paradrop
Paratrooper Squad Paradrop
Construct Tank Depot
Selects Recon Loiter
Selects Supply Drop
M4(105) Sherman Bulldozer
Selects Dual P-47 Rocket Strike
Engineer Squad
Grenade Package
Dual P-47 Rocket Strike
FeedingIsPoetry
legranduke
DIV 250 BigBoss
^3
0
0
Comments
sign in to comment!
No comments posted yet!